 Dungeon Crawl Stone Soup version 0.30.0-11-gf55b779eaf (webtiles) character file.

Game seed: 8570463029905165507

868 Jackthecabe the Trooper (level 8, -3/64 HPs)
             Began as a Djinni Fire Elementalist on May 17, 2023.
             Was a Follower of Makhleb.
             Splashed by a jelly's acid (7 damage)
             ... on level 5 of the Dungeon.
             The game lasted 00:11:59 (4660 turns).

Jackthecabe the Trooper (Djinni Fire Elementalist)  Turns: 4660, Time: 00:12:00

Health: -3/64      AC:  7    Str:  7    XL:     8   Next: 23%
Gold:   200        EV: 10    Int: 19    God:    Makhleb [*.....] SH:  3 Dex: 14

rFire   + + +        d - staff of fire {!a}
rCold   . . .        k - +0 buckler
rNeg    . . .        v - +2 leather armour {rC+}
rPois   ∞            h - +0 helmet
rElec   .            (no cloak)
rCorr   .            e - +0 pair of gloves
SInv    .            (boots unavailable)
Will    .....        (no amulet)
Stlth   ++           (no ring)
HPRegen 0.30/turn    (no ring)
MPRegen 0.00/turn

%: infuse magic (-4 HP)
@: flying
A: sickness immunity, fire resistance 2, cold vulnerability 1, float, innate
caster, HP casting, extra vitality 1
a: Renounce Religion


You were on level 5 of the Dungeon.
You worshipped Makhleb.
Makhleb was aware of your devotion.
You visited 1 branch of the dungeon, and saw 5 of its levels.

You collected 200 gold pieces.


Innate Abilities, Weirdness & Mutations

You are immune to sickness and miasma.
You are immune to poison.
Your flesh is very heat resistant. (rF++)
You are vulnerable to cold. (rC-)
You float through the air rather than walking.
You learn spells naturally, not from books.
Your magical power is your life essence.
You have superior vitality. (+4 MHP)


   Skills:
 * Level 7.1 Fighting
 - Level 2.1 Dodging
 - Level 1.5 Stealth
 + Level 4.5 Spellcasting


You knew the following spells:

 Your Spells              Type           Power      Damage    Failure   Level
c - Call Imp              Summ           42%        N/A       8%          2
f - Foxfire               Conj/Fire      100%       2x1d9     5%          1
r - Inner Flame           Hex/Fire       32%        N/A       16%         3
s - Spider Form           Tmut/Pois      21%        N/A       16%         3
z - Summon Small Mammal   Summ           84%        N/A       5%          1
X - Scorch                Fire           64%        2d8       8%          2
Y - Volatile Blastmotes   Fire/Tloc      64%        2d15      16%         3
Z - Flame Wave            Conj/Fire      32%        2d9       45%         4
Your spell library was empty.

Inventory:

Armour
 a - a +0 robe
 e - a +0 pair of gloves (worn)
 h - a +0 helmet (worn)
 k - a +0 buckler (worn)
 p - the +3 robe "Duco" {Harm Int-2 Dex+3 Stlth+}
   (You found it on level 2 of the Dungeon)

   Int:       It affects your intelligence (-2).
   Dex:       It affects your dexterity (+3).
   Harm:      It increases damage dealt and taken.
   Stlth:     It makes you more stealthy.
 v - a +2 leather armour of cold resistance (worn)
 E - a scarf of harm
Magical Staves
 d - a staff of fire (weapon) {!a}
 y - a staff of air {!a}
Wands
 w - a wand of digging (2)
Scrolls
 f - 2 scrolls of fog {unknown}
 g - 5 scrolls of identify {unknown}
 i - a scroll of noise {unknown}
 j - 2 scrolls of vulnerability {unknown}
 o - a scroll of fear {unknown}
 t - a scroll of amnesia {unknown}
 u - a scroll of immolation {unknown}
 x - a scroll of brand weapon {unknown}
 C - a scroll of teleportation {unknown}
 F - a scroll of magic mapping {unknown}
 G - a scroll of enchant armour {unknown}
Potions
 b - 2 potions of ambrosia {unknown}
 c - 3 potions of attraction {unknown}
 l - a potion of degeneration {unknown}
 m - a potion of magic {unknown}
 n - 2 potions of curing {unknown}
 q - 3 potions of brilliance {unknown}
 r - a potion of haste {unknown}
 s - a potion of flight {unknown}
 z - 2 potions of might {unknown}
 A - 2 potions of berserk rage {unknown}
 B - a potion of heal wounds {unknown}
 D - a potion of lignification {unknown}

Dungeon Overview and Level Annotations

Branches:
Dungeon (5/15)             Temple (0/1) D:4

Altars:
Fedhas
Makhleb
Qazlal
Xom
Zin

Shops:
D:3 :

Annotations:
D:5 Edmund

................ .....###
..........###...
##......##..#####.)## ##..
.###........... #...# ##..
..............# ##..## #...
........)...####...# ##...
#.....))......<..## #....
#...)............## ##...#
#....)##r@........###....#
#..#...###J........##....##
... ##..###@#.............#
# ##..##.##......###...##
##.@#5##....#.# ##.##.
##.#.##...#.## ##..#
##...#...### #.##
####.#...# #.# ###.### ##.


You could see Edmund, a jelly (ally target), a friendly cerulean imp (summoned)
and a friendly rat (summoned).


Message History

Casting: Call Imp (safe; 8% risk of failure)
Confirm with . or Enter, or press ? or * to list all spells.
* * * LOW HITPOINT WARNING * * *
The jelly hits you but does no damage.
Edmund hits your bat with a +6 heavy flail!!
Your bat dies!
Your bat's corpse disappears in a puff of smoke!
Your cerulean imp barely misses Edmund.
Casting: Summon Small Mammal (safe; 5% risk of failure)
Confirm with . or Enter, or press ? or * to list all spells.
* * * LOW HITPOINT WARNING * * *
The jelly hits you but does no damage. The jelly hits you but does no damage.
Your cerulean imp hits the jelly from afar with a -2 spear.
Your bat hits the jelly.
Your bat is burned by acid!
Your bat dies!
Your bat's corpse disappears in a puff of smoke!
Casting: Summon Small Mammal (safe; 5% risk of failure)
Confirm with . or Enter, or press ? or * to list all spells.
* * * LOW HITPOINT WARNING * * *
The jelly hits you.
* * * LOW HITPOINT WARNING * * *
You are splashed with acid!
* * * LOW HITPOINT WARNING * * *
Your cerulean imp hits the jelly but does no damage.
The jelly attacks as you move away! The jelly hits you.
* * * LOW HITPOINT WARNING * * *
You are splashed with acid!
You die...

Skill      XL: |  1  2  3  4  5  6  7  8 |
---------------+-------------------------+-----
Fighting       | 1 2 3 4 5 6 7 |  7.1
Spellcasting   | 3 4 |  4.5
Dodging        | |  2.1
Stealth        | |  1.5

Action                     |  1- 3 |  4- 6 |  7- 9 || total
---------------------------+-------+-------+-------++-------
  Melee: Staff             |       |     1 |       ||     1
         Unarmed           |       |       |     7 ||     7
   Cast: Foxfire           |    55 |    54 |    37 ||   146
         Scorch            |    15 |    47 |    17 ||    79
         Summon Small Mamm |       |     7 |     3 ||    10
         Call Imp          |       |     2 |     2 ||     4
         Spider Form       |       |       |     1 ||     1
         Flame Wave        |       |       |     1 ||     1
 Armour: Robe              |     2 |     2 |       ||     4
         Leather armour    |       |    11 |     9 ||    20
  Dodge: Dodged            |     3 |    13 |    10 ||    26
  Block: Buckler           |     1 |     3 |     3 ||     7

Levels and vault maps discovered:
D:1:      minmay_arrival_jagged, layout_basic, minmay_misc_feat_hallway
D:2:      layout_loops_ring, shapermc_ecumenical_altar_gd, serial_bayou,
          serial_bayou_pond_d, serial_bayou_pond_d, serial_bayou_pond_d,
          serial_bayou_ford_a, serial_bayou_shore_b, serial_bayou_pond_a
D:3:      layout_basic, serial_shops, shop, uniq_ijyb
D:4:      layout_rooms, grunt_temple_overflow_champion_of_chaos,
          mainiacjoe_overflow_cross_hatched, kennysheep_little_box,
          general_overflow_altar, minmay_temple_entry_stoned_glass, uniq_natasha
D:5:      layout_layer_cave, chequers_avenue, uniq_edmund

Notes
Turn   | Place    | Note
-------+----------+-------------------------------------------
     0 | D:1      | Jackthecabe the Djinni Fire Elementalist began the quest
                  | for the Orb.
     0 | D:1      | Jackthecabe set off with the following spells memorised:
                  | Foxfire, Scorch, Volatile Blastmotes, Inner Flame, Flame
                  | Wave.
     0 | D:1      | Reached XP level 1. HP: 15/15 MP: 0/0
    79 | D:1      | You are sucked into a shaft and drop 1 floor!
   281 | D:1      | Reached skill level 1 in Fighting
   281 | D:1      | Reached XP level 2. HP: 21/22 MP: 0/0
   758 | D:1      | Reached XP level 3. HP: 26/28 MP: 0/0
   758 | D:1      | Learned a level 1 spell: Summon Small Mammal
   871 | D:1      | Reached skill level 2 in Fighting
  1421 | D:2      | Found a faded altar of an unknown god.
  1460 | D:2      | Reached XP level 4. HP: 30/34 MP: 0/0
  1686 | D:2      | Identified the +3 robe "Duco" {Harm Int-2 Dex+3 Stlth+}
  2203 | D:3      | Reached skill level 3 in Fighting
  2205 | D:3      | Reached skill level 3 in Spellcasting
  2409 | D:3      | Noticed Ijyb
  2419 | D:3      | Killed Ijyb
  2420 | D:3      | Reached XP level 5. HP: 34/40 MP: 0/0
  2420 | D:3      | Learned a level 2 spell: Call Imp
  2481 | D:3      | Found Worchulu's Book Shop.
  2716 | D:3      | Reached skill level 4 in Fighting
  2746 | D:3      | Reached XP level 6. HP: 42/47 MP: 0/0
  3185 | D:4      | Found a glowing silver altar of Zin.
  3263 | D:4      | Reached skill level 5 in Fighting
  3474 | D:4      | Found a burning altar of Makhleb.
  3474 | D:4      | Found a shimmering altar of Xom.
  3480 | D:4      | Became a worshipper of Makhleb the Destroyer
  3676 | D:4      | Found a stormy altar of Qazlal.
  3705 | D:4      | Noticed Natasha
  3711 | D:4      | Killed Natasha
  3712 | D:4      | Reached XP level 7. HP: 40/54 MP: 0/0
  3712 | D:4      | Learned a level 3 spell: Spider Form
  3775 | D:4      | Found a staircase to the Ecumenical Temple.
  3793 | D:4      | Noticed Natasha
  3797 | D:4      | Killed Natasha
  3922 | D:4      | Reached skill level 4 in Spellcasting
  3932 | D:4      | Noticed Natasha
  3936 | D:4      | Killed Natasha
  3937 | D:4      | Reached skill level 6 in Fighting
  4052 | D:4      | Reached XP level 8. HP: 58/62 MP: 0/0
  4105 | D:4      | Found a blossoming altar of Fedhas.
  4246 | D:5      | Entered Level 5 of the Dungeon
  4521 | D:5      | Noticed Edmund
  4641 | D:5      | Reached * piety under Makhleb
  4642 | D:5      | Reached skill level 7 in Fighting
  4658 | D:5      | HP: 5/64 [acid (7)]
  4660 | D:5      | Splashed by a jelly's acid

Vanquished Creatures
  A black bear (D:4)
  A phantom (D:4)
  3 scorpions
  A howler monkey (D:5)
  A crimson imp (D:4)
  2 hounds (D:4)
  A gnoll bouda (D:5)
  Ijyb (D:3)
  An iguana (D:5)
  Natasha (thrice) (D:4)
  9 gnolls
  5 adders
  A shadow imp (D:5)
  A worm (D:5)
  2 dart slugs
  8 orcs
  5 endoplasms
  8 giant cockroaches
  3 goblins
  8 hobgoblins
  10 jackals
  3 quokkas
  9 ball pythons
  9 bats
  3 frilled lizards
  3 kobolds
  9 rats
111 creatures vanquished.

Vanquished Creatures (collateral kills)
  An orc (D:4)
  2 foxfires (D:2)
3 creatures vanquished.

Vanquished Creatures (others)
  235 foxfires
235 creatures vanquished.

Grand Total: 349 creatures vanquished

Table legend: (Time is in decaauts)
 A = Elapsed time spent in this place.
 B = Non-inter-level travel time spent in this place.
 C = Inter-level travel time spent in this place.
 D = Time resting spent in this place.
 E = Time spent auto-exploring this place.
 F = Levels seen in this place.
 G = Mean time per level.
                   A        B        C        D        E       F      G
               +--------+--------+--------+--------+--------+-----+--------+
         Total |   4659 |   4502 |    157 |    100 |   3561 |   5 |  931.8 |
       Dungeon |   4659 |   4502 |    157 |    100 |   3561 |   5 |  931.8 |
               +--------+--------+--------+--------+--------+-----+--------+

Top non-repeatable levels by time:
     D:2: 1193 daAuts
     D:4: 1068 daAuts
     D:3: 1009 daAuts
     D:1: 993 daAuts
     D:5: 395 daAuts

Table legend:
 A = Non-vault XP
 B = Vault XP
 C = Vault XP percentage of total XP
 D = Non-vault monster count
 E = Vault monster count
 F = Vault count percentage of total count
                 A         B        C        D         E       F
            +---------+---------+-------+---------+---------+-------
      Total |    1123 |     117 |   9.4 |     109 |       3 |   2.7
            +---------+---------+-------+---------+---------+-------
        D:1 |      38 |       0 |   0.0 |      24 |       0 |   0.0
        D:2 |      51 |       0 |   0.0 |      24 |       0 |   0.0
        D:3 |     181 |      36 |  16.6 |      23 |       1 |   4.2
        D:4 |     649 |      81 |  11.1 |      28 |       2 |   6.7
        D:5 |     204 |       0 |   0.0 |      10 |       0 |   0.0
            +---------+---------+-------+---------+---------+-------
